 Dungeon Crawl Stone Soup version 0.29.1-15-g9cfb28693d (webtiles) character file.

Game seed: 8682294955767463487

428 safid the Chiller (level 6, -8/48 HPs)
             Began as a Merfolk Ice Elementalist on Mar 20, 2023.
             Mangled by a gnoll sergeant
             ... wielding a +3 vorpal spear
              (11 damage)
             ... on level 4 of the Dungeon.
             The game lasted 00:07:11 (3519 turns).

safid the Chiller (Merfolk Ice Elementalist)        Turns: 3519, Time: 00:07:11

Health: -8/48      AC: 12    Str: 11    XL:     6   Next: 98%
Magic:  5/11       EV: 18    Int: 15    God:
Gold:   139        SH:  0    Dex: 17    Spells: 5/12 levels left

rFire   . . .      SeeInvis .   v - +3 hand axe
rCold   . . .      Faith    .   (no shield)
rNeg    + . .      Spirit   .   m - +2 robe {rN+}
rPois   .          Reflect  .   q - +1 helmet
rElec   .          Harm     .   (no cloak)
rCorr   +          Rampage  .   (no gloves)
Will    .....                   (no boots)
Stlth   ++........              h - amulet of regeneration
HPRegen 0.96/turn               o - +4 ring of evasion
MPRegen 0.12/turn               t - ring of resist corrosion

@: ice-armoured
A: (nimble swimmer 2), mertail, agile 1, strong 1
a: no special abilities


You were on level 4 of the Dungeon.
You visited 1 branch of the dungeon, and saw 4 of its levels.

You collected 139 gold pieces.

Inventory:

Hand Weapons
 v - a +3 hand axe (weapon)
Missiles
 w - a throwing net
Armour
 m - a +2 robe of positive energy (worn)
 q - a +1 helmet (worn)
Jewellery
 h - an amulet of regeneration (around neck)
 o - a +4 ring of evasion (left hand)
 t - a ring of resist corrosion (right hand)
Wands
 p - a wand of flame (17)
Scrolls
 c - a scroll of silence {unknown}
 d - 2 scrolls of identify {unknown}
 g - 3 scrolls of teleportation {unknown}
 i - a scroll of summoning {unknown}
 j - a scroll of butterflies {unknown}
 k - a scroll of noise {unknown}
 n - a scroll of enchant weapon {unknown}
 s - a scroll of brand weapon {unknown}
Potions
 a - a potion of flight {unknown}
 b - a potion of magic
 e - a potion of curing {unknown}
 f - a potion of berserk rage {unknown}
 r - a potion of lignification {unknown}
 u - a potion of cancellation {unknown}


   Skills:
 + Level 3.9 Fighting
 - Level 4.0 Dodging
 - Level 2.1 Stealth
 + Level 3.9 Spellcasting
 + Level 6.0 Ice Magic


You had 5 spell levels left.
You knew the following spells:

 Your Spells              Type           Power      Damage    Failure   Level
a - Freeze                Ice            84%        1d10      1%          1
b - Frozen Ramparts       Ice            42%        1d7       4%          3
c - Ozocubu's Armour      Ice            21%        N/A       4%          3

Your spell library contained the following spells:

 Spells                   Type           Power      Damage    Failure   Level
 Hailstorm                Conj/Ice       12%        3d5       45%         4
 Ice Form                 Ice/Tmut       12%        N/A       45%         4
 Summon Ice Beast         Ice/Summ       12%        N/A       45%         4


Dungeon Overview and Level Annotations

Branches:
Dungeon (4/15)
 Temple: D:4-7

Altars:
Sif Muna
Trog

Shops:
D:1 *


Innate Abilities, Weirdness & Mutations

((You are very nimble when in or above water. (Stealth+, EV+, Speed+++)))
Your lower body shifts to a powerful aquatic tail in water.
You are agile. (Dex +4, Str/Int -1)
Your muscles are strong. (Str +4, Int/Dex -1)


Message History

The gnoll barely misses you.
The gnoll sergeant hits you from afar with a +3 vorpal spear!
Unknown command.
Casting: Ozocubu's Armour (dangerous; 4% risk of failure)
Confirm with . or Enter, or press ? or * to list all spells.
Casting: Frozen Ramparts (dangerous; 4% risk of failure)
Press: ? - help, Dir - look around, f - activate The walls around you are covered in ice.
The wall freezes the gnoll.
The gnoll barely misses you.
The wall freezes the gnoll sergeant.
The gnoll sergeant hits you from afar with a +3 vorpal spear!
Unknown command.
You hit the gnoll.
You kill the gnoll!
The wall freezes the gnoll sergeant.
The gnoll sergeant hits you from afar with a +3 vorpal spear!
The wall freezes the ball python.
The ball python seems to slow down.
The ball python closely misses you. The ball python grabs you.
The ball python constricts you.
Casting: Frozen Ramparts (dangerous; 4% risk of failure)
Confirm with . or Enter, or press ? or * to list all spells.
A film of ice covers your body!
The ball python is no longer moving slowly.
The wall freezes the gnoll sergeant.
The gnoll sergeant barely misses you.
The wall freezes the ball python.
You kill the ball python!
The wall freezes the gnoll sergeant.
The gnoll sergeant hits you from afar with a +3 vorpal spear!
* * * LOW HITPOINT WARNING * * *
x2 The wall freezes the gnoll sergeant.
The gnoll sergeant hits you from afar with a +3 vorpal spear.
* * * LOW HITPOINT WARNING * * *
x2 The wall freezes the gnoll sergeant.
The gnoll sergeant hits you from afar with a +3 vorpal spear.
* * * LOW HITPOINT WARNING * * *
x2 It was a potion of mutation.
You feel extremely strange.
You feel stronger.
You feel agile.
The frozen ramparts melt away.
The gnoll sergeant hits you from afar with a +3 vorpal spear!
You die...

# 8...8.. #
........######### ##
.....8.........)# ##.
........#######)# ##.#
8...8.. ###.### #.##
..8.... #.....# ##.#
.....g)######.###.#####.
#@......# #.......
#######.###.#####.
#.....#####.
#...........
############


You could see a gnoll sergeant.

Vanquished Creatures
  Sigmund (D:3)
  An iguana (D:4)
  Terence (D:2)
  Jessica (D:2)
  Natasha (twice) (D:2)
  6 gnolls
  An adder (D:3)
  A white imp (D:3)
  A dart slug (D:3)
  An orc (D:3)
  An endoplasm (D:2)
  4 giant cockroaches (D:1)
  4 goblins
  6 hobgoblins
  6 jackals (D:1)
  5 kobolds
  2 quokkas (D:1)
  2 ball pythons
  3 bats
  5 frilled lizards
  3 rats
57 creatures vanquished.

Notes
Turn   | Place    | Note
-------+----------+-------------------------------------------
     0 | D:1      | safid the Merfolk Ice Elementalist began the quest for the
                  | Orb.
     0 | D:1      | Reached XP level 1. HP: 13/13 MP: 3/3
   166 | D:1      | Reached XP level 2. HP: 10/20 MP: 1/5
   340 | D:1      | Found Qovozirgh's Assorted Antiques.
   387 | D:1      | Reached skill level 1 in Fighting
   741 | D:1      | Reached XP level 3. HP: 26/26 MP: 6/6
  1275 | D:2      | Noticed Terence
  1281 | D:2      | Killed Terence
  1282 | D:2      | Reached XP level 4. HP: 20/33 MP: 1/7
  1382 | D:2      | Noticed Natasha
  1389 | D:2      | Killed Natasha
  1464 | D:2      | Noticed Jessica
  1470 | D:2      | Killed Jessica
  1471 | D:2      | Reached skill level 5 in Ice Magic
  1790 | D:2      | Identified the +2 mace of Imminent Death {flame, MP+9 Dex+3
                  | Stlth+}
  1888 | D:2      | Noticed Natasha
  1895 | D:2      | Killed Natasha
  1896 | D:2      | Reached XP level 5. HP: 37/39 MP: 3/9
  1900 | D:2      | Learned a level 3 spell: Frozen Ramparts
  1904 | D:2      | Learned a level 3 spell: Ozocubu's Armour
  2086 | D:3      | Noticed Sigmund
  2183 | D:3      | Killed Sigmund
  2184 | D:3      | Reached XP level 6. HP: 26/47 MP: 0/11
  2580 | D:3      | Found a shimmering blue altar of Sif Muna.
  2660 | D:3      | Found a bloodstained altar of Trog.
  3453 | D:4      | Reached skill level 6 in Ice Magic
  3518 | D:4      | HP: 2/48 [gnoll sergeant/+3 vorpal spear (1)]
  3519 | D:4      | Gained mutation: Your muscles are strong. (Str +4, Int/Dex
                  | -1) [potion of mutation]
  3519 | D:4      | Gained mutation: You are agile. (Dex +4, Str/Int -1)
                  | [potion of mutation]
  3519 | D:4      | Mangled by a gnoll sergeant

Illustrated notes

Levels and vault maps discovered:
D:1:      minmay_arrival_shattered_statue, layout_loops_ring, serial_shops, shop
D:2:      layout_loops_ring, uniq_natasha, uniq_terence, uniq_jessica
D:3:      layout_basic, nzn_overflow_gifts_of_might_and_magic, uniq_sigmund
D:4:      layout_loops_ring, nicolae_uskayaw_dance_hall,
          grunt_temple_overflow_growth_and_decay, nicolae_shop_gadgets

Skill      XL: |  1  2  3  4  5  6 |
---------------+-------------------+-----
Dodging        | 3 4 |  4.0
Fighting       | 1 2 3 |  3.9
Ice Magic      | 5 6 |  6.0
Spellcasting   | 3 |  3.9
Stealth        | |  2.1

Action                   |  1- 3 |  4- 6 || total
-------------------------+-------+-------++-------
Melee: Unarmed           |    10 |       ||    10
       Dagger            |    53 |    61 ||   114
       Hand axe          |       |    25 ||    25
       Punch             |       |     3 ||     3
 Cast: Freeze            |    25 |    26 ||    51
       Frozen Ramparts   |       |     8 ||     8
       Ozocubu's Armour  |       |     5 ||     5
  Use: Potion            |       |     1 ||     1
 Stab: Sleeping          |     5 |     1 ||     6
Armor: Robe              |    10 |    24 ||    34
Dodge: Dodged            |    64 |    88 ||   152
